 Dungeon Crawl Stone Soup version 0.31-a0-523-g071a6c1ffa (webtiles) character file.

Game seed: 11583969247717387810

18 Ethylacetat the Slasher (level 2, -9/19 HPs)
             Began as an Octopode Gladiator on Aug 11, 2023.
             Mangled by a gnoll
             ... wielding a +0 flail
              (13 damage)
             ... on level 2 of the Dungeon.
             The game lasted 00:01:12 (1397 turns).

Ethylacetat the Slasher (Octopode Gladiator)        Turns: 1397, Time: 00:01:12

Health: -9/19      AC:  1    Str: 13    XL:     2   Next: 70%
Magic:  2/2        EV: 14    Int: 10    God:
Gold:   60         SH:  0    Dex: 13    Spells: 1/1 levels left

rFire   . . .        a - +0 long sword
rCold   . . .        (no shield)
rNeg    . . .        b - +0 hat
rPois   .            (no amulet)
rElec   .            (no ring)
rCorr   .            (no ring)
SInv    .            (no ring)
Will    .....        (no ring)
Stlth   +++          (no ring)
HPRegen 0.23/turn    (no ring)
MPRegen 0.08/turn    (no ring)
                     (no ring)

%: no passive effects
@: no status effects
A: almost no armour, amphibious, 8 rings, camouflage 1, gelatinous body 1,
(nimble swimmer 1), tentacles
a: no special abilities


You were on level 2 of the Dungeon.
You visited 1 branch of the dungeon, and saw 2 of its levels.

You collected 60 gold pieces.

Inventory:

Hand Weapons
 a - a +0 long sword (weapon)
Missiles
 c - 3 throwing nets (quivered)
 d - a javelin
Armour
 b - a +0 hat (worn)
Jewellery
 e - a ring of willpower
Scrolls
 i - a scroll of enchant armour {unknown}
 j - a scroll of summoning {unknown}
 k - a scroll of identify {unknown}
Potions
 f - 3 potions of heal wounds {unknown}
 g - 4 potions of might {unknown}
 h - a potion of curing {unknown}


   Skills:
 + Level 2.3 Fighting
 + Level 3.2 Long Blades
 - Level 2.0 Throwing
 + Level 3.2 Dodging
 + Level 1.5 Stealth


You had one spell level left.
You didn't know any spells.
Your spell library was empty.

Dungeon Overview and Level Annotations

Branches:
Dungeon (2/15)

Altars:


Innate Abilities, Weirdness & Mutations

You cannot wear most types of armour.
You are amphibious.
You can wear up to eight rings at the same time.
Your skin changes colour to match your surroundings (Stealth+).
Your rubbery body absorbs attacks. (AC +1, EV +1)
((You are camouflaged when in or above water. (Stealth+)))
You have tentacles for arms and can constrict up to eight enemies at once.


Message History

Done exploring.
Done exploring.
You see here a +0 cloak.
There is a stone staircase leading down here.
You climb downwards.
There is a stone staircase leading up here.
k - a scroll labelled SUKHAU RASOBB No target in view! 2 gnolls come into view.
The gnoll shouts!
You hear a shout!
A gnoll comes into view. It is wielding a +0 spear.
There are monsters nearby!
The gnoll barely misses you.
There are monsters nearby!
The gnoll hits you with a +0 spear.
The gnoll hits you from afar with a +0 spear.
There are monsters nearby!
The gnoll shouts!
You hit the gnoll. You grab the gnoll. You squeeze the gnoll!
The gnoll is almost dead.
You constrict the gnoll.
You kill the gnoll!
The gnoll hits you from afar with a +0 spear.
The gnoll hits you with a +0 spear!
* * * LOW HITPOINT WARNING * * *
You are too injured to fight recklessly!
You are too injured to fight recklessly!
You are too injured to fight recklessly!
You are too injured to fight recklessly!
You slash the gnoll! Your grab misses the gnoll.
The gnoll is severely wounded.
The gnoll barely misses you.
You barely miss the gnoll. Your grab misses the gnoll.
The gnoll is severely wounded.
The gnoll barely misses you.
You hit the gnoll.
You kill the gnoll!
The gnoll hits you with a +0 flail!
Ouch! That really hurt!
You die...

#.# #. . #.# #.
#. #.# ###. ..
#.# ...#.# #.#
#..#.# #.# #..#.#
#.# #####.)#.#
#.# #.....g@.#
#.#
..###....#####.##
#...........#
#.#..#####..#
#..#........#
....#..######.#
#........ #.#
#.####..## #.# #.
...# #.#


You could see a gnoll.

Vanquished Creatures
  2 gnolls (D:2)
  A dart slug (D:1)
  A goblin (D:1)
  2 hobgoblins (D:1)
  A quokka (D:1)
  A bat (D:1)
8 creatures vanquished.

Notes
Turn   | Place    | Note
-------+----------+-------------------------------------------
     0 | D:1      | Ethylacetat the Octopode Gladiator began the quest for the
                  | Orb.
     0 | D:1      | Reached XP level 1. HP: 14/14 MP: 1/1
   206 | D:1      | Reached skill level 1 in Stealth
   206 | D:1      | Reached XP level 2. HP: 13/19 MP: 2/2
   759 | D:1      | Found a faded altar of an unknown god.
  1397 | D:2      | Mangled by a gnoll

Illustrated notes

Levels and vault maps discovered:
D:1:      dpeg_arrival_three_bigger_balls, layout_basic,
          dreamdust_ecumenical_altar_hidden_monk_grotto,
          minmay_misc_feat_rugged, hangedman_abyss_or_decor_stabs, st_stairs_10
D:2:      layout_loops_ring, basic_altar, guppyfry_early_orc_mine

Skill      XL: |  1 |
---------------+----+-----
Stealth        | 1 |  1.5
Fighting       | |  2.3
Long Blades    | |  3.2
Throwing       | |  2.0
Dodging        | |  3.2

Action                     || total
---------------------------++-------
  Melee: Long sword        ||    18
         Constrict         ||     7
         Tentacles         ||     4
   Stab: Sleeping          ||     3
 Armour: Skin              ||     1
  Dodge: Dodged            ||    11

Table legend: (Time is in decaauts)
 A = Elapsed time spent in this place.
 B = Non-inter-level travel time spent in this place.
 C = Inter-level travel time spent in this place.
 D = Time resting spent in this place.
 E = Time spent auto-exploring this place.
 F = Levels seen in this place.
 G = Mean time per level.
                   A        B        C        D        E       F      G
               +--------+--------+--------+--------+--------+-----+--------+
         Total |   1400 |   1201 |    199 |      0 |   1127 |   2 |  700.0 |
       Dungeon |   1400 |   1201 |    199 |      0 |   1127 |   2 |  700.0 |
               +--------+--------+--------+--------+--------+-----+--------+

Top non-repeatable levels by time:
     D:1: 1367 daAuts
     D:2: 33 daAuts
